 Dungeon Crawl Stone Soup version 0.24-b1 (webtiles) character file.

Game seed: 16479563686203781783, levelgen mode: deterministic

281 Dorkslayer the Skirmisher (level 6, -1/43 HPs)
             Began as an Octopode Fighter on Oct 12, 2019.
             Was an Initiate of Trog.
             Slain by an adder (4 damage)
             ... on level 2 of the Dungeon.
             The game lasted 00:06:13 (1328 turns).

Dorkslayer the Skirmisher (Octopode Fighter)        Turns: 1328, Time: 00:06:13

Health: -1/43      AC:  1    Str: 17    XL:     6   Next: 27%
Magic:  6/6        EV: 18    Int: 15    God:    Trog [......]
Gold:   113        SH:  9    Dex: 17    Spells: 5/5 levels left

rFire    . . .     SeeInvis .   j - +1 war axe (chop)
rCold    + . .     Gourm    .   b - +0 shield
rNeg     . . .     Faith    .   (helmet restricted)
rPois    .         Spirit   .   (no amulet)
rElec    .         Reflect  .   h - ring of teleportation (curse)
rCorr    .         Harm     .   k - ring of protection from cold
MR       .....     Rnd*Tele +   (no ring)
Stlth    +++++.....             (no ring)
HPRegen  0.14/turn              (no ring)
MPRegen  0.10/turn              (no ring)
                                (no ring)
                                (no ring)

@: brilliant, agile
A: almost no armour, stealthy swim, amphibious, 8 rings, constrict 8, camouflage
1, gelatinous body 1
a: Renounce Religion


You were on level 2 of the Dungeon.
You worshipped Trog.
Trog was noncommittal.
You were hungry.

You visited 1 branch of the dungeon, and saw 2 of its levels.

You collected 113 gold pieces.

Inventory:

Hand Weapons
 a - a +0 long sword
 j - a +1 war axe of chopping (weapon)
Armour
 b - a +0 shield (worn)
Jewellery
 h - a cursed ring of teleportation (left tentacle)
 k - a ring of protection from cold (right tentacle)
Wands
 c - a wand of random effects (19)
Scrolls
 m - a scroll of remove curse {unknown}
Potions
 f - a potion of agility
Comestibles
 d - 3 rations
 g - 7 chunks of flesh


   Skills:
 * Level 4.2 Fighting
 + Level 3.1 Long Blades
 + Level 0.7 Axes
 + Level 3.8 Dodging
 + Level 3.9 Stealth
 + Level 3.5 Shields
 * Level 1.1 Evocations


You had 5 spell levels left.
You didn't know any spells.
Your spell library was empty.

Dungeon Overview and Level Annotations

Branches:
Dungeon (2/15)

Altars:
Trog


Innate Abilities, Weirdness & Mutations

You cannot wear most types of armour.
You are very stealthy in the water. (Stealth+)
You are amphibious.
You can wear up to eight rings at the same time.
You can use your tentacles to constrict eight enemies at once.
Your skin changes colour to match your surroundings (Stealth+).
Your rubbery body absorbs attacks. (AC +1, EV +1)


Message History

* * * LOW HITPOINT WARNING * * *
It was a potion of curing.
You feel better. The gnoll misses you.
It was a potion of brilliance.
You feel clever all of a sudden.
It was a potion of magic.
Magic courses through your body. You block the gnoll's attack.
You barely miss the gnoll. Your grab misses the gnoll.
Your squeeze misses the gnoll. The gnoll misses you.
The gnoll hits you with a +0 flail!
* * * LOW HITPOINT WARNING * * *
You barely miss the gnoll. Your grab misses the gnoll.
Your squeeze misses the gnoll. You block the gnoll's attack.
You slash the gnoll!
You kill the gnoll!
Trog accepts your kill.
You are feeling hungry.
The adder misses you.
You barely miss the adder. Your grab misses the adder.
Your squeeze misses the adder. The adder bites you.
You die...

#.......# .
#.......## #
#........#### #
#............ #
# #.........#
##. #
#รท.....##. ...
# #
####......#.#
### #.#
#.......#)#g#
...
#.......#@#.#
...
#.......##Sl#
...
#.......#.##.#
... #......#...
# ...
#......##.##..
...
#.......##..#
... #.........#.
# ###
#.......#.## .#
#.####.....##..#


You could see an iguana and an adder.

Vanquished Creatures
  Sigmund (D:2)
  Natasha (D:2)
  Terence (D:2)
  3 gnolls (D:2)
  An ooze (D:2)
  2 worms (D:2)
  A leopard gecko (D:1)
  3 giant cockroaches (D:1)
  5 goblins
  4 hobgoblins
  2 jackals (D:1)
  2 ball pythons (D:1)
  10 bats
  4 frilled lizards
  3 kobolds
  8 rats
51 creatures vanquished.

Notes
Turn   | Place    | Note
-------+----------+-------------------------------------------
     0 | D:1      | Dorkslayer the Octopode Fighter began the quest for the
                  | Orb.
     0 | D:1      | Reached XP level 1. HP: 16/16 MP: 1/1
   111 | D:1      | Reached XP level 2. HP: 11/21 MP: 2/2
   383 | D:1      | Reached XP level 3. HP: 19/26 MP: 3/3
   768 | D:2      | Noticed Sigmund
   780 | D:2      | Killed Sigmund
   780 | D:2      | Reached skill level 4 in Fighting
   780 | D:2      | Reached XP level 4. HP: 19/33 MP: 4/4
   780 | D:2      | Reached XP level 5. HP: 21/37 MP: 5/5
   955 | D:2      | Noticed Natasha
   958 | D:2      | Found a bloodstained altar of Trog.
   961 | D:2      | Killed Natasha
  1013 | D:2      | Became a worshipper of Trog the Wrathful
  1172 | D:2      | Reached XP level 6. HP: 43/43 MP: 6/6
  1211 | D:2      | Noticed Terence
  1216 | D:2      | Killed Terence
  1216 | D:2      | Reached skill level 1 in Evocations
  1328 | D:2      | Slain by an adder

Skill      XL: |  1  2  3  4  5  6 |
---------------+-------------------+-----
Fighting       | 4 |  4.2
Stealth        | 3 |  3.9
Long Blades    | 3 |  3.1
Evocations     | 1 |  1.1
Axes           | |  0.7
Dodging        | |  3.8
Shields        | |  3.5

Action                   |  1- 3 |  4- 6 || total
-------------------------+-------+-------++-------
Melee: Long sword        |    56 |    12 ||    68
       Tentacles         |    13 |     7 ||    20
       Constrict         |    14 |     9 ||    23
       War axe           |       |    29 ||    29
Evoke: Wand              |       |     1 ||     1
  Use: Scroll            |     2 |     1 ||     3
       Potion            |     3 |     4 ||     7
 Stab: Sleeping          |     6 |     5 ||    11
       Distracted        |       |     1 ||     1
  Eat: Chunk             |       |     1 ||     1
Armor: Skin              |    10 |     2 ||    12
Dodge: Dodged            |    31 |    19 ||    50
Block: Shield            |    28 |    16 ||    44
       Rpst.: Long sword |     6 |       ||     6
